 Dungeon Crawl Stone Soup version 0.25-a0-426-g7d9e569eea (webtiles) character file.

Game seed: 608823879363404459, levelgen mode: deterministic

19 Eurus the Conjurer (level 2, -1/20 HPs)
             Began as a Mummy Conjurer on Jan 25, 2020.
             Slain by a worker ant (5 damage)
             ... on level 2 of the Dungeon.
             The game lasted 00:03:06 (1427 turns).

Eurus the Conjurer (Mummy Conjurer)                 Turns: 1427, Time: 00:03:07

Health: -1/20      AC:  2    Str: 11    XL:     2   Next: 55%
Magic:  1/6        EV: 12    Int: 14    God:
Gold:   23         SH:  0    Dex: 12    Spells: 4/7 levels left

rFire    x . .     SeeInvis .   c - +0 club
rCold    + . .     Gourm    .   (no shield)
rNeg     + + +     Faith    .   a - +0 robe
rPois    ∞         Spirit   .   (no helmet)
rElec    .         Reflect  .   (no cloak)
rCorr    .         Harm     .   (no gloves)
MR       .....                  (no boots)
Stlth    ++........             (no amulet)
HPRegen  0.06/turn              (no ring)
MPRegen  0.10/turn              (no ring)

@: very slightly contaminated
A: no food or potions, fire vulnerability, cold resistance 1, negative energy
resistance 3, torment resistance, unbreathing
a: no special abilities


You were on level 2 of the Dungeon.
You were not hungry.

You visited 1 branch of the dungeon, and saw 2 of its levels.

You collected 23 gold pieces.

Inventory:

Hand Weapons
 c - a +0 club (weapon)
Armour
 a - a +0 robe (worn)
Scrolls
 b - a scroll of random uselessness {unknown}
 d - a scroll of teleportation {unknown}
 e - a scroll of magic mapping {unknown}
 f - 4 scrolls of identify {unknown}
 g - a scroll of enchant weapon {unknown}


   Skills:
 + Level 0.4 Fighting
 - Level 1.6 Dodging
 - Level 1.6 Stealth
 + Level 3.0 Spellcasting
 + Level 3.6 Conjurations


You had 4 spell levels left.
You knew the following spells:

 Your Spells              Type           Power        Failure   Level  Hunger
a - Magic Dart            Conj           ##..         4%          1    N/A
b - Searing Ray           Conj           ##....       7%          2    N/A

Your spell library contained the following spells:

 Spells                   Type           Power        Failure   Level  Hunger
 Dazzling Flash           Conj/Hex       #.....       30%         3    N/A
 Fulminant Prism          Conj/Hex       #.........   69%         4    N/A
 Iskenderun's Mystic Bla  Conj/Tloc      #.......     69%         4    N/A

Dungeon Overview and Level Annotations

Branches:
Dungeon (2/15)

Altars:


Innate Abilities, Weirdness & Mutations

You do not eat or drink.
Your flesh is vulnerable to fire.
You are immune to poison.
Your flesh is cold resistant. (rC+)
You are immune to negative energy. (rN+++)
You are immune to unholy pain and torment.
You can survive without breathing.


Message History

The worker ant bites you. The worker ant closely misses you.
You hit the worker ant but do no damage.
The worker ant is heavily wounded.
The worker ant misses you.
You hit the worker ant but do no damage.
The worker ant is heavily wounded.
The worker ant closely misses you. The worker ant misses you.
You hit the worker ant.
The worker ant is severely wounded.
The worker ant bites you.
You closely miss the worker ant.
The worker ant is severely wounded.
The worker ant bites you!
* * * LOW HITPOINT WARNING * * *
The worker ant barely misses you.
You barely miss the worker ant.
The worker ant is severely wounded.
The worker ant bites you but does no damage.
The worker ant bites you.
You die...

##.......#
..........
#.......#
#.......#
.?.....##
#.#......# ###
#.....a.# # ..#
#.###@# .# #.#
#.##.## #.# #.#
#.#.## #.. #.#
#.##.## #.#
##.####.###.###.#
#.......# ##.#.#
#....##<#####.#
#.##..........#
#.#####.#.#####


You could see a worker ant.

Vanquished Creatures
  A leopard gecko (D:1)
  A giant cockroach (D:2)
  2 goblins (D:1)
  3 hobgoblins (D:1)
  A ball python (D:1)
  2 bats (D:1)
  2 frilled lizards
  3 kobolds (D:1)
  3 rats
18 creatures vanquished.

Notes
Turn   | Place    | Note
-------+----------+-------------------------------------------
     0 | D:1      | Eurus the Mummy Conjurer began the quest for the Orb.
     0 | D:1      | Reached XP level 1. HP: 13/13 MP: 4/4
   537 | D:1      | Reached XP level 2. HP: 9/19 MP: 5/5
   545 | D:1      | Learned a level 2 spell: Searing Ray
  1427 | D:2      | Slain by a worker ant

Levels and vault maps discovered:
D:1:      eino_arrival_water_star, layout_loops_corners, minmay_tetromino_o2
D:2:      layout_loops_cross, nicolae_overflow_hidden_temple

Skill      XL: |  1  2 |
---------------+-------+-----
Spellcasting   | 3 |  3.0
Fighting       | |  0.4
Dodging        | |  1.6
Stealth        | |  1.6
Conjurations   | |  3.6

Action                   || total
-------------------------++-------
Melee: Club              ||    24
 Cast: Magic Dart        ||    35
 Stab: Sleeping          ||     1
Armor: Robe              ||     2
Dodge: Dodged            ||    19

Table legend:
 A = Non-vault XP
 B = Vault XP
 C = Vault XP percentage of total XP
 D = Non-vault monster count
 E = Vault monster count
 F = Vault count percentage of total count
                 A         B        C        D         E       F
            +---------+---------+-------+---------+---------+-------
      Total |      25 |       3 |  10.7 |      17 |       1 |   5.6
            +---------+---------+-------+---------+---------+-------
        D:1 |      21 |       3 |  12.5 |      14 |       1 |   6.7
        D:2 |       4 |       0 |   0.0 |       3 |       0 |   0.0
            +---------+---------+-------+---------+---------+-------
